 Dungeon Crawl Stone Soup version 0.28.0-45-g0d030f2227 (webtiles) character file.

Game seed: 9461357234123584732

533 Bruhh the Magician (level 7, 0/50 HPs)
             Began as a Djinni Cinder Acolyte on Apr 24, 2022.
             Was a High Priest of Ignis.
             Slain by a scorpion (8 damage)
             ... on level 4 of the Dungeon.
             The game lasted 00:06:48 (5108 turns).

Bruhh the Magician (Djinni Cinder Acolyte)          Turns: 5108, Time: 00:06:51

Health: 0/50       AC:  2    Str: 13    XL:     7   Next: 49%
Gold:   138        EV: 11    Int: 18    God:    Ignis [*****.] SH:  0 Dex:  8

rFire   + + +      SeeInvis .   j - +0 scythe (venom)
rCold   x . .      Faith    .   (shield currently unavailable)
rNeg    . . .      Spirit   .   b - +0 robe
rPois   ∞          Reflect  .   (no helmet)
rElec   .          Harm     .   (no cloak)
rCorr   .          Rampage  .   (no gloves)
Will    .....                   (boots unavailable)
Stlth   +.........              (no amulet)
HPRegen 0.16/turn               (no ring)
MPRegen 0.00/turn               (no ring)

@: flying
A: sickness immunity, fire resistance 2, cold vulnerability 1, float, innate
caster, HP casting, extra vitality 1
a: Renounce Religion, Fiery Armour, Foxfire Swarm, Rising Flame


You were on level 4 of the Dungeon.
You worshipped Ignis.
Ignis was extremely pleased with you.
You visited 1 branch of the dungeon, and saw 4 of its levels.

You collected 138 gold pieces.

Inventory:

Hand Weapons
 a - a -1 falchion of flaming
 j - a +0 scythe of venom (weapon)
Armour
 b - a +0 robe (worn)
 o - an orb of mayhem
Magical Staves
 c - a staff of death
Jewellery
 s - a ring of willpower
Scrolls
 e - 3 scrolls of identify {unknown}
 g - a scroll of enchant armour {unknown}
 l - 3 scrolls of brand weapon {unknown}
 m - a scroll of fog {unknown}
 n - a scroll of holy word {unknown}
 p - 2 scrolls of magic mapping {unknown}
 r - a scroll of noise {unknown}
 t - a scroll of immolation {unknown}
Potions
 d - a potion of ambrosia {unknown}
 f - a potion of brilliance
 h - a potion of lignification {unknown}
 i - a potion of degeneration {unknown}
 k - a potion of attraction {unknown}
 q - a potion of mutation {unknown}


   Skills:
 - Level 3.0 Fighting
 - Level 2.6 Long Blades
 + Level 6.2 Spellcasting


You had 10 spell levels left.
You knew the following spells:

 Your Spells              Type           Power      Damage    Failure   Level
a - Scorch                Fire           56%        2d8       1%          2
b - Slow                  Hex            100%       N/A       1%          1
c - Blink                 Tloc           56%        N/A       1%          2
d - Mephitic Cloud        Conj/Pois/Air  28%        N/A       2%          3
Your spell library was empty.

Dungeon Overview and Level Annotations

Branches:
Dungeon (4/15)
 Temple: D:4-7

Altars:
Dithmenos
Fedhas
Hepliaklqana
Kikubaaqudgha
Qazlal
Wu Jian

Shops:
D:1 [   D:4 ?


Innate Abilities, Weirdness & Mutations

You are immune to sickness and miasma.
You are immune to poison.
Your flesh is very heat resistant. (rF++)
You are vulnerable to cold. (rC-)
You float through the air rather than walking.
You learn spells naturally, not from books.
Your magical power is your life essence.
You have superior vitality. (+4 MHP)


Message History

Casting: Blink (safe; 1% risk of failure)
Confirm with . or Enter, or press ? or * to list all spells.
You are still too unstable to blink.
Found 13 arrows and 3 gold pieces.
The steam dragon breathes steam at you. The ball of steam misses you.
You hear a shout!
An ogre comes into view. It is wielding a +0 giant club.
Found a glowing glass wand.
The ogre shouts!
You feel stable enough to blink again.
The jackal is engulfed in a cloud of scalding steam.
There is an open door here.
You see here 13 arrows.
Casting: Blink (safe; 1% risk of failure)
Confirm with . or Enter, or press ? or * to list all spells.
You blink.
A scorpion comes into view.
Found 18 arrows.
The scorpion misses you.
A worm comes into view.
The scorpion stings you.
There is an open door here.
You feel stable enough to blink again. The scorpion barely misses you.
Found 12 gold pieces.
A dart slug comes into view.
Found a helmet.
The scorpion closely misses you. The scorpion stings you.
* * * LOW HITPOINT WARNING * * *
The scorpion stings you.
* * * LOW HITPOINT WARNING * * *
Casting: Blink (safe; 1% risk of failure)
Confirm with . or Enter, or press ? or * to list all spells.
Aiming: Slow (safe; 1% risk of failure)
Press: ? - help, Shift-Dir - straight line, f - scorpion
Aim: a scorpion (chance to affect: 64%)
The scorpion struggles to resist.
* * * LOW HITPOINT WARNING * * *
The scorpion stings you!
You die...

#....#.#[$.#.#....#
#.#.#.
#......#...#.####..
#)#.#.
#....#.#...#.#...#
####.#.#.
#..#...##'##...#.#
#......#.
#...##'.....'# ..
#.##.#.#.
#.#.#/#...#.#( .##
# #..... #
.###....w###..#
###.#.
#...#...#Oh.#.#
#.#.
.........O..#s@.#
#.#
.........########
#.# ########## #.#


You could see an ogre, a worm, a scorpion and a jackal.

Vanquished Creatures
  Sigmund (D:2)
  An ogre (D:4)
  An orc priest (D:4)
  An iguana (D:4)
  3 orc wizards (D:4)
  A hound skeleton (D:4)
  4 adders
  2 adder skeletons (D:4)
  2 worms
  A dart slug (D:4)
  8 orcs
  5 bats
  5 endoplasms
  2 giant cockroaches
  6 goblins
  11 hobgoblins
  6 jackals
  6 quokkas
  8 ball pythons
  6 frilled lizards
  4 kobolds
  7 rats
91 creatures vanquished.

Vanquished Creatures (others)
  An adder (D:4)
  A giant cockroach (D:4)
  18 foxfires (D:2)
20 creatures vanquished.

Grand Total: 111 creatures vanquished

Notes
Turn   | Place    | Note
-------+----------+-------------------------------------------
     0 | D:1      | Bruhh the Djinni Cinder Acolyte began the quest for the
                  | Orb.
     0 | D:1      | Reached XP level 1. HP: 20/20 MP: 0/0
   392 | D:1      | Reached XP level 2. HP: 11/25 MP: 0/0
   950 | D:1      | Reached skill level 3 in Spellcasting
  1133 | D:1      | Found Zosur's Armour Shop.
  1254 | D:1      | Reached XP level 3. HP: 28/30 MP: 0/0
  1254 | D:1      | Learned a level 1 spell: Slow
  1809 | D:2      | Reached XP level 4. HP: 10/35 MP: 0/0
  2316 | D:2      | Noticed Sigmund
  2321 | D:2      | Killed Sigmund
  2322 | D:2      | Reached skill level 5 in Spellcasting
  2322 | D:2      | Reached XP level 5. HP: 40/40 MP: 0/0
  2322 | D:2      | Learned a level 2 spell: Blink
  2322 | D:2      | Reached XP level 6. HP: 46/46 MP: 0/0
  2816 | D:2      | Found a faded altar of an unknown god.
  3127 | D:3      | Found a blossoming altar of Fedhas.
  3221 | D:3      | Found a hazy altar of Hepliaklqana.
  3222 | D:3      | Found a stormy altar of Qazlal.
  3229 | D:3      | Found an ornate altar of the Wu Jian Council.
  3229 | D:3      | Found a shadowy altar of Dithmenos.
  3787 | D:4      | Noticed an ogre
  3791 | D:4      | Found Fobe's Magic Scroll Shop.
  3795 | D:4      | Killed an ogre
  3839 | D:4      | Reached XP level 7. HP: 35/50 MP: 0/0
  3839 | D:4      | Learned a level 3 spell: Mephitic Cloud
  4275 | D:4      | Reached skill level 6 in Spellcasting
  5086 | D:4      | Noticed a steam dragon
  5108 | D:4      | Slain by a scorpion

Illustrated notes

Levels and vault maps discovered:
D:1:      mrwooster_arrival_statue_2, layout_loops_ring, serial_shops,
          nicolae_shop_statue_plus
D:2:      layout_loops_ring, shapermc_ecumenical_altar_pompeii, uniq_sigmund
D:3:      minmay_chambers_of_twos, layout_rooms, minmay_overflow_temple_hex
D:4:      layout_loops_ring, serial_shops, nicolae_shop_advertising_works
          [nicolae_subvault_shop_adworks], minmay_fractal_squares_diagonal_5

Skill      XL: |  1  2  3  4  5  6  7 |
---------------+----------------------+-----
Spellcasting   | 3 5 6 |  6.2
Fighting       | |  3.0
Long Blades    | |  2.6

Action                   |  1- 3 |  4- 6 |  7- 9 || total
-------------------------+-------+-------+-------++-------
Melee: Falchion          |    27 |       |       ||    27
       Scythe            |       |     2 |     2 ||     4
 Cast: Scorch            |    32 |    50 |    37 ||   119
       Slow              |       |     2 |     1 ||     3
       Mephitic Cloud    |       |       |     5 ||     5
       Blink             |       |       |     3 ||     3
Invok: Foxfire Swarm     |       |     1 |       ||     1
  Use: Potion            |       |       |     1 ||     1
Armor: Robe              |    16 |     1 |     2 ||    19
Dodge: Dodged            |    27 |     6 |    22 ||    55
